 Dungeon Crawl Stone Soup version 0.29.1-1-gd02db6906a (webtiles) character file.

Game seed: 11319470669467859432

170 LustLizard the Ruffian (level 5, -3/53 HPs)
             Began as a Troll Fighter on Sept 27, 2022.
             Slain by a gnoll
             ... wielding a +3 flail of protection
              (7 damage)
             ... on level 3 of the Dungeon.
             The game lasted 00:02:32 (1815 turns).

LustLizard the Ruffian (Troll Fighter)              Turns: 1815, Time: 00:02:33

Health: -3/53      AC:  4    Str: 24    XL:     5   Next: 25%
Magic:  4/4        EV:  8    Int:  6    God:
Gold:   169        SH:  7    Dex:  9    Spells: 4/4 levels left

rFire   . . .      SeeInvis .     - Unarmed
rCold   . . .      Faith    .   b - +0 kite shield
rNeg    . . .      Spirit   .   a - +0 robe
rPois   .          Reflect  .   (helmet restricted)
rElec   .          Harm     .   (no cloak)
rCorr   .          Rampage  .   (gloves unavailable)
Will    +....                   (boots unavailable)
Stlth   +.........              (no amulet)
HPRegen 0.97/turn               k - ring of willpower
MPRegen 0.09/turn               (no ring)

@: no status effects
A: large, unfitting armour, claws 3, regeneration 1, shaggy fur 1, tough skin 1
a: no special abilities


You were on level 3 of the Dungeon.
You visited 1 branch of the dungeon, and saw 3 of its levels.

You collected 169 gold pieces.

Inventory:

Missiles
 f - 29 stones (quivered)
Armour
 a - a +0 robe (worn)
 b - a +0 kite shield (worn)
Jewellery
 k - a ring of willpower (left claw)
Scrolls
 d - a scroll of fog
 g - a scroll of magic mapping {unknown}
 i - a scroll of silence {unknown}
 j - a scroll of amnesia {unknown}
 n - a scroll of poison {unknown}
Potions
 c - a potion of might
 e - 2 potions of heal wounds {unknown}
 h - 6 potions of curing {unknown}
 l - 2 potions of attraction {unknown}
 m - a potion of cancellation {unknown}


   Skills:
 + Level 3.2 Fighting
 - Level 2.4 Dodging
 + Level 3.5 Shields
 * Level 4.1 Unarmed Combat


You had 4 spell levels left.
You didn't know any spells.
Your spell library contained the following spells:

 Spells                   Type           Power      Damage    Failure   Level
 Magic Dart               Conj           0%         1d3       75%         1
 Call Imp                 Summ           0%         N/A       87%         2
 Mephitic Cloud           Conj/Pois/Air  0%         N/A       98%         3
 Summon Guardian Golem    Hex/Summ       0%         N/A       98%         3
 Orb of Destruction       Conj           0%         9d5       100%        7
 Spellforged Servitor     Conj/Summ      0%         N/A       100%        7


Dungeon Overview and Level Annotations

Branches:
Dungeon (3/15)

Altars:
Cheibriados
Elyvilon

Shops:
D:3 (


Innate Abilities, Weirdness & Mutations

You are too large for most types of armour.
You have claws for hands.
Your natural rate of healing is unusually fast.
You are covered in fur. (AC +1)
You have tough skin. (AC +1)


Message History

a +0 whip; a +0 whip; a gnoll corpse You claw the gnoll!
You kill the gnoll!
You completely miss the gnoll. The gnoll barely misses you.
You scratch the gnoll but do no damage.
The gnoll hits you with a +3 flail of protection!
You barely miss the gnoll. The gnoll closely misses you.
You barely miss the gnoll. The gnoll barely misses you.
You claw the gnoll!
The gnoll is almost dead.
The gnoll hits you with a +3 flail of protection!
You barely miss the gnoll.
The gnoll is almost dead.
The gnoll hits you with a +3 flail of protection!
You scratch the gnoll but do no damage.
The gnoll is almost dead.
The gnoll barely misses you.
You scratch the gnoll but do no damage.
The gnoll is almost dead.
The gnoll hits you with a +3 flail of protection.
* * * LOW HITPOINT WARNING * * *
You barely miss the gnoll.
The gnoll is almost dead.
You block the gnoll's attack.
You closely miss the gnoll.
The gnoll is almost dead.
You block the gnoll's attack.
You scratch the gnoll but do no damage.
The gnoll is almost dead.
The gnoll closely misses you.
You scratch the gnoll but do no damage.
The gnoll is almost dead.
The gnoll hits you with a +3 flail of protection!
* * * LOW HITPOINT WARNING * * *
You barely miss the gnoll.
The gnoll is almost dead.
The gnoll hits you with a +3 flail of protection!
* * * LOW HITPOINT WARNING * * *
The gnoll hits you with a +3 flail of protection!
You die...

#.##########.##.......####
#.#.................#.....
######.#.#########.#####.#.####
#....#.#.# #.# #.#.####
+....'.#.# #.# #.#...#.
#....###.# #.#####'#'###.
+....'...# #...........#.
#...†#############......)....#.
#....# #....lg@..#...........#.
#....# #.#######.#.>...<.....#.
###### #'# #.#.#.....#...## ..g
#.#.#####.###.## ..g..
#.#............. .......
#†#...........## #.!.g....
#.##.#.......... #.....l...
#...............
#..........#..#.....#######


You could see a gnoll and a frilled lizard.

Vanquished Creatures
  2 orc priests (D:3)
  An orc wizard (D:3)
  3 gnolls (D:3)
  2 adders (D:3)
  4 orcs (D:3)
  4 bats
  3 endoplasms
  3 giant cockroaches
  3 goblins
  A hobgoblin (D:1)
  6 kobolds
  A quokka (D:3)
  A ball python (D:1)
  2 frilled lizards (D:2)
  4 rats
40 creatures vanquished.

Notes
Turn   | Place    | Note
-------+----------+-------------------------------------------
     0 | D:1      | LustLizard the Troll Fighter began the quest for the Orb.
     0 | D:1      | Reached XP level 1. HP: 22/22 MP: 0/0
   266 | D:1      | Found a faded altar of an unknown god.
   381 | D:1      | Reached XP level 2. HP: 29/29 MP: 1/1
   937 | D:2      | Found a white marble altar of Elyvilon.
  1475 | D:3      | Found a snail-covered altar of Cheibriados.
  1532 | D:3      | Found Geruq's Antique Weapon Shoppe.
  1547 | D:3      | Reached skill level 3 in Unarmed Combat
  1547 | D:3      | Reached XP level 3. HP: 30/36 MP: 2/2
  1604 | D:3      | Reached XP level 4. HP: 45/45 MP: 3/3
  1765 | D:3      | Reached skill level 4 in Unarmed Combat
  1765 | D:3      | Reached XP level 5. HP: 53/53 MP: 4/4
  1815 | D:3      | Slain by a gnoll

Illustrated notes

Levels and vault maps discovered:
D:1:      lightli_arrival_isolated_outpost, layout_loops_ring,
          ebering_ecumenical_altar_hall, nicolae_figureground_sparkle
D:2:      layout_basic, basic_altar
D:3:      layout_basic, cheibriados_altar_1,
          mainiacjoe_overflow_small_starburst,
          mainiacjoe_overflow_surrounded_room, serial_shops, shop,
          chequers_mini_garden, feat_on_display

Skill      XL: |  1  2  3  4 |
---------------+-------------+-----
Shields        | 3 |  3.5
Unarmed Combat | 3 4 |  4.1
Fighting       | 3 |  3.2
Dodging        | |  2.4

Action                   |  1- 3 |  4- 6 || total
-------------------------+-------+-------++-------
Melee: Unarmed           |    82 |    58 ||   140
  Use: Scroll            |     1 |       ||     1
 Stab: Sleeping          |       |     1 ||     1
Armor: Robe              |    23 |    12 ||    35
Dodge: Dodged            |    31 |    15 ||    46
Block: Kite shield       |    20 |    19 ||    39
